 Dungeon Crawl Stone Soup version 0.19-a0-1079-g88a7474 (webtiles) character file.

13306 Gagarin the Nimble (level 11, -13/110 HPs)
             Began as a Troll Hunter on Aug 6, 2016.
             Was a High Priest of Nemelex Xobeh.
             Mangled by a death yak (22 damage)
             ... on level 3 of the Lair of Beasts.
             The game lasted 00:50:01 (10957 turns).

Gagarin the Nimble (Troll Hunter)                  Turns: 10957, Time: 00:50:02

Health: -13/110    AC:  7    Str: 22    XL:     11   Next: 73%
Magic:  12/12      EV: 16    Int:  7    God:    Nemelex Xobeh [*****.]
Gold:   829        SH:  0    Dex: 13    Spells: 0 memorised, 10 levels left

rFire  . . .     SeeInvis .       - Unarmed
rCold  . . .     Gourm    +     t - +0 animal skin
rNeg   . . .     Faith    .     (no shield)
rPois  .         Spirit   .     (helmet restricted)
rElec  .         Dismiss  .     V - +1 cloak
rCorr  .         Reflect  .     (gloves unavailable)
SustAt .         Harm     .     (boots unavailable)
MR     .....                    i - amulet of regeneration
Stlth  +++.......               Q - +1 ring of evasion
                                I - ring of stealth

@: drained
A: unfitting armour, claws 3, fast metabolism 3, gourmand, regeneration 2,
shaggy fur 1, tough skin 2
a: Triple Draw, Deal Four, Stack Five, Renounce Religion


You were on level 3 of the Lair of Beasts.
You worshipped Nemelex Xobeh.
Nemelex Xobeh was extremely pleased with you.
You were completely stuffed.

You visited 2 branches of the dungeon, and saw 13 of its levels.

You collected 829 gold pieces.

Inventory:

Hand Weapons
 c - a +1 blowgun
Missiles
 n - 3 needles of paralysis
 x - 2 large rocks (quivered)
 G - 32 poisoned needles
Armour
 t - a +0 animal skin (worn)
 V - a +1 cloak (worn)
Jewellery
 i - an amulet of regeneration (around neck)
 I - a ring of stealth (left claw)
 Q - a +1 ring of evasion (right claw)
Wands
 u - a wand of iceblast (8/15)
 y - a wand of flame (11/48)
 J - a wand of paralysis (19/24)
 R - a wand of enslavement (13/24)
 X - a wand of lightning (10/15)
Scrolls
 b - 2 scrolls of enchant weapon
 g - 8 scrolls of remove curse
 h - 2 scrolls of identify
 j - 4 scrolls of teleportation
 m - a scroll of magic mapping
 K - 2 scrolls of recharging {unknown}
 S - a scroll of noise {unknown}
Potions
 k - a potion of beneficial mutation {unknown}
 o - 3 potions of flight
 p - 3 potions of haste
 s - a potion of lignification
 v - a potion of cancellation
 w - a potion of curing
 z - a potion of resistance
 D - 2 potions of magic {unknown}
 F - 2 potions of might
 U - a potion of cure mutation {unknown}
 Z - a potion of agility {unknown}
Miscellaneous
 e - an ornate deck of summoning {drawn: 2}
 q - a plain deck of escape {drawn: 3}
 r - an ornate deck of summoning {drawn: 6}
 C - a legendary deck of destruction {drawn: 1}
 H - a plain deck of destruction {drawn: 6}
 L - a plain deck of summoning
Comestibles
 d - 5 fruits
 f - 14 bread rations
 l - 7 beef jerkies
 B - a slice of pizza
 E - 14 royal jellies
 W - 4 meat rations


   Skills:
 + Level 7.7(7.5) Fighting
 + Level 5.2(5.0) Throwing
 + Level 10.3(10.0) Dodging
 + Level 3.3(3.0) Stealth
 + Level 9.0(8.7) Unarmed Combat
 + Level 3.2(2.9) Invocations


You had 10 spell levels left.
You didn't know any spells.

Dungeon Overview and Level Annotations

Branches:
Dungeon (10/15)            Temple (0/1) D:5            Lair (3/6) D:10
  Swamp (0/4) Lair:2          Orc (0/2) D:10
  Snake: Lair:2-4    Spider: Lair:2-4

Altars:
Dithmenos
Hepliaklqana
Kikubaaqudgha
Nemelex Xobeh
Okawaru
Pakellas
Qazlal
Ru
Sif Muna
Trog
Uskayaw
Yredelemnul
Zin
Beogh

Annotations:
D:2 Natasha
D:10 exclusion: orange crystal statue


Innate Abilities, Weirdness & Mutations

You are too large for most types of armour.
You have claws for hands.
Your metabolism is lightning-fast.
You like to eat raw meat.
You heal very quickly.
You are covered in fur. (AC +1)
You have very tough skin. (AC +2)


Message History

You are more poisoned.
The killer bee poisons you!
Your rakshasa hits the soul eater but does no damage.
Your yaktaur hits the soul eater. The soul eater hits your rakshasa!
Your quarterstaff "Juib" {venom, rPois Dex+4} closely misses the soul eater.
The killer bee closely misses you.
The crocodile bites Gagarin's illusion!
The killer bee stings you.
* * * LOW HITPOINT WARNING * * *
You feel better.
Gagarin's illusion seems less confused.
The killer bee misses you. The killer bee closely misses you.
Your rakshasa hits the soul eater with a long sword.
Your yaktaur hits the soul eater!
The soul eater draws from the surrounding life force!
* * * LOW HITPOINT WARNING * * *
Your yaktaur is severely wounded.
Gagarin's illusion is heavily wounded.
The soul eater is healed.
The death yak gores you!!
You die...
Your body glows with a rainbow of weird colours and disappears.

......................
...................... ##
#.###.#..............
...###.P##.#..............
#...................#####
(#...†.!.§...........#
#......†cR≈...≈.≈....#
........(3.≈≈≈≈≈≈..^.#
....(...Y@t@≈≈≈≈≈≈≈..#
.##P..##.yy≈≈≈≈≈≈≈≈≈.#
##.. ##.≈≈≈≈≈≈≈≈≈≈.# ....
.≈≈≈≈≈>.≈≈≈≈.# ....
...≈≈≈..≈≈≈≈≈.# ....
...≈≈≈≈≈≈≈≈≈≈..#
.#+..≈≈≈≈≈≈≈≈≈..# ##
.....≈≈≈≈≈.≈..#
..#..≈.≈.≈....#


You could see a death yak, a soul eater, a crocodile, 2 killer bees, a friendly
rakshasa, a friendly yaktaur, a friendly quarterstaff "Juib" {venom, rPois
Dex+4} and the friendly Gagarin's illusion.

Vanquished Creatures
  The ghost of Xoff the Protected, a journeyman MiFi of Okawaru (D:10)
  Pikel (D:4)
  A black mamba (Lair:3)
  Maurice (D:8)
  A spiny frog (Lair:2)
  A komodo dragon (Lair:1)
  5 yaks
  Sigmund (D:4)
  3 hippogriffs (Lair:2)
  2 hungry ghosts
  4 swamp worms (Lair:2)
  2 water moccasins
  4 porcupines
  3 orc warriors
  A phantom (D:10)
  3 sky beasts
  2 black bears
  A necrophage (D:8)
  An ice beast (D:7)
  A wasp (D:10)
  5 centaurs
  4 ogres
  A crocodile (D:10)
  4 big kobolds
  5 giant frogs
  Blork the orc (D:4)
  3 scorpions
  7 killer bees (Lair:1)
  2 wights (D:3)
  4 howler monkeys
  An electric eel (Lair:2)
  2 centaur zombies
  A crimson imp (D:6)
  5 jellies
  A hound (D:5)
  A quasit (D:8)
  A centaur skeleton (D:8)
  A giant frog skeleton (D:5)
  5 orc priests
  10 orc wizards
  Jessica (D:2)
  5 iguanas
  Natasha (twice) (D:2)
  3 worker ants
  2 sheep (D:10)
  Robin (D:3)
  A howler monkey zombie (D:9)
  4 gnolls (D:6)
  2 worker ant zombies
  5 adders
  A howler monkey skeleton (D:6)
  10 river rats (Lair:3)
  A shadow imp (D:7)
  An adder zombie (D:6)
  5 worms
  3 dart slugs (D:3)
  5 giant geckos
  31 orcs
  8 bats
  3 giant cockroaches
  2 gnoll zombies (D:5)
  12 goblins
  4 hobgoblins
  9 jackals
  17 kobolds
  4 quokkas
  3 ball pythons
  2 giant gecko skeletons (D:6)
  A giant gecko zombie (D:5)
  4 giant newts
  A jackal zombie (D:8)
  11 rats
  A plant (Lair:2)
268 creatures vanquished.

Vanquished Creatures (collateral kills)
  2 death yaks (Lair:3)
  A hill giant (D:6)
  2 spiny frogs
  A komodo dragon (Lair:1)
  A queen bee (Lair:1)
  Prince Ribbit (D:7)
  8 yaks
  A porcupine (Lair:1)
  An ogre (D:6)
  A giant frog (Lair:3)
  A wyvern skeleton (D:10)
  14 killer bees (Lair:1)
  An iguana (Lair:3)
  A worker ant (D:10)
36 creatures vanquished.

Vanquished Creatures (others)
  A spiny frog (Lair:1)
  A yak (Lair:2)
  A porcupine (Lair:2)
  2 slaves (D:4)
  An ogre (D:8)
  A human (D:2)
  A centaur (D:10)
  3 killer bees (Lair:1)
  A worker ant (D:7)
  An adder (D:7)
  2 orcs (D:8)
15 creatures vanquished.

Grand Total: 319 creatures vanquished

Notes
Turn   | Place    | Note
-------+----------+-------------------------------------------
     0 | D:1      | Gagarin the Troll Hunter began the quest for the Orb.
     0 | D:1      | Reached XP level 1. HP: 19/19 MP: 0/0
   309 | D:1      | Reached XP level 2. HP: 25/27 MP: 1/1
   574 | D:2      | Found a deep blue altar of Sif Muna.
   636 | D:2      | Noticed Jessica
   643 | D:2      | Killed Jessica
   643 | D:2      | Reached skill level 2 in Dodging
   643 | D:2      | Reached XP level 3. HP: 27/33 MP: 2/2
   694 | D:2      | Reached skill level 1 in Unarmed Combat
   765 | D:2      | Noticed Natasha
   774 | D:2      | Killed Natasha
   774 | D:2      | Reached XP level 4. HP: 37/42 MP: 3/3
   787 | D:2      | Found a sparkling altar of Nemelex Xobeh.
   795 | D:2      | Found a bloodstained altar of Trog.
   798 | D:2      | Found an oddly glowing altar of Pakellas.
   823 | D:2      | Noticed Natasha
   831 | D:2      | Killed Natasha
   920 | D:2      | Became a worshipper of Nemelex Xobeh the Trickster
   990 | D:2      | Found an ancient bone altar of Kikubaaqudgha.
   999 | D:2      | Received a gift from Nemelex Xobeh
   999 | D:2      | Noticed a human
  1001 | D:2      | Killed a human
  1284 | D:2      | Noticed Natasha
  1378 | D:3      | Noticed Robin
  1392 | D:3      | Killed Robin
  1400 | D:3      | Reached XP level 5. HP: 49/49 MP: 4/4
  1482 | D:3      | Reached skill level 1 in Stealth
  1490 | D:3      | You fall through a shaft for 2 floors!
  1490 | D:5      | Entered Level 5 of the Dungeon
  1597 | D:4      | Noticed a slave
  1598 | D:4      | Noticed Pikel
  1600 | D:4      | Noticed a slave
  1601 | D:4      | Noticed a slave
  1602 | D:4      | Noticed a slave
  1619 | D:4      | HP: 1/49 [Pikel/whip of freezing (5)]
  1625 | D:4      | Killed Pikel
  1625 | D:4      | Reached skill level 4 in Dodging
  1625 | D:4      | Reached XP level 6. HP: 1/61 MP: 5/5
  1625 | D:4      | Reached XP level 7. HP: 1/67 MP: 6/6
  1746 | D:4      | Noticed Sigmund
  2108 | D:3      | Reached * piety under Nemelex Xobeh
  2223 | D:3      | Reached skill level 1 in Invocations
  2312 | D:4      | Killed Sigmund
  2367 | D:4      | Found a shadowy altar of Dithmenos.
  2415 | D:4      | Noticed Blork the orc
  2416 | D:4      | Reached XP level 8. HP: 75/78 MP: 7/7
  2428 | D:4      | Killed Blork the orc
  2428 | D:4      | Reached skill level 5 in Dodging
  2775 | D:5      | Found a staircase to the Ecumenical Temple.
  3155 | D:5      | Received a gift from Nemelex Xobeh
  3466 | D:5      | Found a basalt altar of Yredelemnul.
  3595 | D:6      | Noticed a hill giant
  3601 | D:6      | Killed a hill giant
  3601 | D:6      | Reached skill level 5 in Unarmed Combat
  3603 | D:6      | Reached skill level 6 in Dodging
  3651 | D:6      | Reached ** piety under Nemelex Xobeh
  4274 | D:6      | Reached XP level 9. HP: 87/87 MP: 8/8
  4354 | D:6      | Found a stormy altar of Qazlal.
  4356 | D:6      | Received a gift from Nemelex Xobeh
  4653 | D:7      | Noticed Prince Ribbit
  4655 | D:7      | Found an iron altar of Okawaru.
  4689 | D:7      | Killed Prince Ribbit
  4868 | D:7      | Reached skill level 5 in Fighting
  4947 | D:7      | Reached skill level 7 in Dodging
  5155 | D:7      | Found a hazy altar of Hepliaklqana.
  5212 | D:7      | Found a glowing silver altar of Zin.
  5673 | D:7      | Found a sacrificial altar of Ru.
  5790 | D:8      | Noticed Maurice
  5801 | D:8      | Killed Maurice
  5801 | D:8      | Reached skill level 5 in Throwing
  6003 | D:8      | Noticed a cyan ugly thing
  6003 | D:8      | Noticed a troll
  6003 | D:8      | Noticed a troll
  6022 | D:8      | Noticed a manticore
  6022 | D:8      | Noticed a centaur warrior
  6380 | D:8      | Reached *** piety under Nemelex Xobeh
  6412 | D:8      | Reached XP level 10. HP: 98/98 MP: 9/9
  6453 | D:8      | Received a gift from Nemelex Xobeh
  6470 | D:8      | Reached skill level 8 in Dodging
  6658 | D:8      | Received a gift from Nemelex Xobeh
  7275 | D:9      | Received a gift from Nemelex Xobeh
  7323 | D:9      | Reached **** piety under Nemelex Xobeh
  7472 | D:9      | Found a hide-covered altar of Uskayaw.
  7743 | D:10     | Entered Level 10 of the Dungeon
  7789 | D:10     | Noticed an orange crystal statue
  7797 | D:10     | Noticed a white ugly thing
  7912 | D:10     | Noticed Xoff's ghost (journeyman MiFi)
  7955 | D:10     | Killed Xoff's ghost
  7955 | D:10     | Reached skill level 9 in Dodging
  8057 | D:10     | Received a gift from Nemelex Xobeh
  8295 | D:10     | Found a staircase to the Lair.
  8343 | D:10     | Found a staircase to the Orcish Mines.
  8354 | D:10     | Found a roughly hewn altar of Beogh.
  8702 | Lair:1   | Entered Level 1 of the Lair of Beasts
  8820 | Lair:1   | Noticed a spiny frog
  8833 | Lair:1   | HP: 3/102 [yak (9)]
  8850 | Lair:1   | HP: 1/102 [spiny frog (15)]
  8851 | Lair:1   | Killed a spiny frog
  8851 | Lair:1   | Reached XP level 11. HP: 2/109 MP: 11/11
  9207 | Lair:1   | Received a gift from Nemelex Xobeh
  9333 | Lair:1   | Reached ***** piety under Nemelex Xobeh
  9497 | Lair:1   | Received a gift from Nemelex Xobeh
 10061 | Lair:2   | Reached skill level 10 in Dodging
 10630 | Lair:2   | Received a gift from Nemelex Xobeh
 10690 | Lair:2   | Found a staircase to the Swamp.
 10936 | Lair:3   | Noticed a death yak
 10937 | Lair:3   | Noticed a death yak
 10939 | Lair:3   | Noticed a death yak
 10940 | Lair:3   | Noticed a soul eater
 10948 | Lair:3   | Killed a death yak
 10954 | Lair:3   | Killed a death yak
 10957 | Lair:3   | Mangled by a death yak

Vault maps used:
D:1:      eino_arrival_water_cross
D:2:      nicolae_overflow_crystal_walls, minitemple, tgw_kikubaaqudgha,
          uniq_jessica, uniq_natasha
D:3:      minmay_crystal_room, st_stairs_5, uniq_robin
D:4:      grunt_dithmenos_smoke_and_mirrors, minmay_crossroads, uniq_pikel,
          uniq_blork_the_orc, uniq_sigmund
D:5:      lemuel_zombie_altar_yredelemnul, first_bread, lemuel_flamethrower_2
D:6:      nicolae_qazlal_style_of_elements
D:7:      lemuel_coloured_pillars_altar, lemuel_crystal_altar, kennysheep_mini,
          lemuel_doored_altar, grunt_ogre_cave, uniq_prince_ribbit1
D:8:      hangedman_decor_clover_reticule, minivault_12, uniq_maurice
D:9:      lemuel_round_altar
D:10:     lair_0_dummy, minmay_orc_entry_temple_small, minmay_protected_statue
Lair:1:   special_room
Lair:2:   nicolae_swamp_entry_splash_gauntlet, serial_bayou_pond_e
Lair:3:   lemuel_reptile_caves, infiniplex_staircase_pool_2

Skill      XL: |  1  2  3  4  5  6  7  8  9 10 11 |
---------------+----------------------------------+-----
Throwing       | 4 5 |  5.2
Dodging        | 2 4 6 7 9 10 | 10.3
Unarmed Combat | 1 3 4 5 6 8 9 |  9.0
Fighting       | 2 3 4 6 7 |  7.7
Stealth        | 1 2 3 |  3.3
Invocations    | 1 3 |  3.2

Action                   |  1- 3 |  4- 6 |  7- 9 | 10-12 || total
-------------------------+-------+-------+-------+-------++-------
Melee: Unarmed           |    69 |    83 |   402 |   359 ||   913
       Punch             |       |       |     4 |    16 ||    20
 Fire: Blowgun           |       |       |       |     3 ||     3
Throw: Large rock        |    10 |     2 |    24 |    15 ||    51
       Throwing net      |     2 |       |     1 |       ||     3
Evoke: Deck              |       |     2 |     4 |    46 ||    52
  Use: Potion            |       |     3 |       |     7 ||    10
       Scroll            |       |       |     1 |    19 ||    20
 Stab: Held in net/web   |     3 |       |       |       ||     3
       Distracted        |       |       |     1 |       ||     1
       Sleeping          |       |       |     1 |     3 ||     4
       Confused          |       |       |     1 |       ||     1
  Eat: Chunk             |    13 |     7 |    48 |    46 ||   114
Armor: Robe              |    31 |    20 |       |       ||    51
       Animal skin       |       |     5 |   103 |    82 ||   190
       Skin              |       |       |       |    22 ||    22
Dodge: Dodged            |    51 |    41 |   237 |   320 ||   649
